 Dungeon Crawl Stone Soup version 0.18-a0-1773-gec4f98e (webtiles) character file.

113 graki42 the Sneak (level 5, -2/28 HPs)
             Began as a Kobold Enchanter on Apr 15, 2016.
             Slain by an iguana (8 damage)
             ... on level 3 of the Dungeon.
             The game lasted 00:07:48 (2146 turns).

graki42 the Sneak (Kobold Enchanter)                Turns: 2146, Time: 00:07:48

Health: -2/28      AC:  4    Str:  6      XL:     5   Next: 17%
Magic:  5/9        EV: 16    Int: 13 (14) God:
Gold:   197        SH:  0    Dex: 16 (17) Spells: 2 memorised, 6 levels left

rFire  . . .     SeeInvis .     q - +4 dagger
rCold  . . .     Gourm    .     b - +2 robe
rNeg   . . .     Faith    .     (shield restricted)
rPois  .         Spirit   .     (no helmet)
rElec  .         Dismiss  .     (no cloak)
rCorr  .         Reflect  .     (no gloves)
SustAt .         Harm     .     (no boots)
MR     .....                    (no amulet)
Stlth  +++.......               (no ring)
                                (no ring)

@: not resistant to hostile enchantments, fairly stealthy
A: carnivore 3
a: no special abilities


You were on level 3 of the Dungeon.
You were full.

You visited 1 branch of the dungeon, and saw 3 of its levels.

You collected 197 gold pieces.

Inventory:

Hand Weapons
 a - a +1 dagger
 q - a +4 dagger (weapon)
Armour
 b - a +2 robe (worn)
Jewellery
 h - an uncursed ring of magical power {unknown}
 n - an uncursed ring of flight {unknown}
Scrolls
 f - a scroll of enchant armour
 g - a scroll of fear
 j - a scroll of blinking
 p - 2 scrolls of teleportation
Potions
 e - 2 potions of flight {unknown}
 i - a potion of resistance {unknown}
 k - 2 potions of curing
 o - 2 potions of haste {unknown}
 s - a potion of might {unknown}
Books
 c - a book of Maledictions

   Spells                             Type                      Level
   a - Corona                         Hexes                        1
   b - Ensorcelled Hibernation        Hexes/Ice                    2
   c - Confuse                        Hexes                        3
   d - Tukima's Dance                 Hexes                        3
   e - Dazzling Spray                 Conjuration/Hexes            3
Comestibles
 d - 3 meat rations
 r - 2 royal jellies


   Skills:
 + Level 0.4 Fighting
 + Level 1.5 Short Blades
 + Level 3.3 Dodging
 + Level 5.3 Stealth
 + Level 2.7 Spellcasting
 + Level 3.6 Hexes
 + Level 0.2 Ice Magic


You had 6 spell levels left.
You knew the following spells:

 Your Spells              Type           Power        Failure   Level  Hunger
a - Corona                Hex            ##.....      8%          1    #......
b - Ensorcelled Hibernat  Hex/Ice        #.....       17%         2    ###....


Dungeon Overview and Level Annotations

Branches:
Dungeon (3/15)

Altars:
Trog


Innate Abilities, Weirdness & Mutations

You are small and have problems with some larger weapons.
You are carnivorous and can eat meat at any time.


Message History

The orc wizard is moderately wounded.
The orc closely misses you. The iguana barely misses you.
The orc closely misses you.
The orc wizard hits you but does no damage.
There is an open door here.
The orc wizard hits you but does no damage.
The iguana bites you.
* * * LOW HITPOINT WARNING * * *
Casting: Ensorcelled Hibernation
Confirm with . or Enter, or press ? or * to list all spells.
Aiming: Ensorcelled Hibernation
Press: ? - help, Shift-Dir - straight line, f/p - iguana
Aim: an iguana (chance to defeat MR: 47%)
The iguana looks drowsy...
The orc wizard closely misses you.
The helpless iguana fails to defend itself.
You impale the iguana!!
The iguana is almost dead.
The orc wizard barely misses you. The orc wizard closely misses you.
The iguana bites you!
You die...

#.............. ######
#....(......... #....#
#.....†........ #....#
########......... #....#
#....# ######....
#....###....# #....
#....#......# #####
.<#.###....#l.....############
......'...ooo@...†............
#.#.###....#..(...############
#....######## ######


You could see an iguana, an orc wizard and 2 orcs.

Vanquished Creatures
  An orc priest (D:3)
  2 oozes (D:3)
  2 worms (D:3)
  3 dart slugs
  2 giant geckos
  6 orcs (D:3)
  4 giant cockroaches
  6 goblins
  8 hobgoblins
  2 quokkas (D:3)
  3 bats
  4 giant newts
  4 kobolds
  8 rats
55 creatures vanquished.

Notes
Turn   | Place    | Note
--------------------------------------------------------------
     0 | D:1      | graki42 the Kobold Enchanter began the quest for the Orb.
     0 | D:1      | Reached XP level 1. HP: 10/10 MP: 3/3
   213 | D:1      | Reached XP level 2. HP: 9/15 MP: 0/5
   666 | D:2      | Reached XP level 3. HP: 15/19 MP: 6/6
   948 | D:2      | Learned a level 2 spell: Ensorcelled Hibernation
  1101 | D:2      | Reached skill level 5 in Stealth
  1615 | D:3      | Reached XP level 4. HP: 17/24 MP: 2/7
  1694 | D:3      | Found a bloodstained altar of Trog.
  1851 | D:3      | Reached XP level 5. HP: 16/28 MP: 7/9
  2146 | D:3      | Slain by an iguana

Vault maps used:
D:1:      dpeg_arrival_castle, nrook_mini_vaults
D:2:      first_bread, corexii_hall_statues_deadend, grunt_ministairs_10
D:3:      portal_sewer_entry_b, trog_butcher_becter

Skill      XL: |  1  2  3 |
---------------+----------+-----
Stealth        | 5 |  5.3
Dodging        | 3 |  3.3
Fighting       | |  0.4
Short Blades   | |  1.5
Spellcasting   | |  2.7
Hexes          | |  3.6
Ice Magic      | |  0.2

Action                   |  1- 3 |  4- 6 || total
-------------------------+-------+-------++-------
Melee: Dagger            |   105 |    55 ||   160
 Cast: Corona            |    19 |       ||    19
       Ensorcelled Hiber |     5 |     8 ||    13
  Use: Potion            |     2 |       ||     2
       Scroll            |       |    11 ||    11
 Stab: Sleeping          |     8 |     9 ||    17
  Eat: Chunk             |     4 |     7 ||    11
Armor: Robe              |    10 |     9 ||    19
Dodge: Dodged            |    59 |    39 ||    98
